 Dungeon Crawl Stone Soup version 0.26-a0-67-g850bfe6 (webtiles) character file.

Game seed: 316641070730784413

91 thirtiethelement the Shield-Bearer (level 4, -15/41 HPs)
             Began as a Gnoll Fighter on June 13, 2020.
             Was an Initiate of Cheibriados.
             Engulfed by a cloud of flame (20 damage)
             ... on level 3 of the Dungeon.
             The game lasted 00:02:58 (1769 turns).

thirtiethelement the Shield-Bearer (Gnoll Fighter)  Turns: 1769, Time: 00:02:59

Health: -15/41     AC:  7    Str: 21    XL:     4   Next: 59%
Magic:  5/5        EV: 12    Int: 11    God:    Cheibriados [......]
Gold:   150        SH: 11    Dex: 15    Spells: 5/5 levels left

rFire    . . .     SeeInvis .   a - +1 war axe
rCold    . . .     Gourm    .   c - +0 kite shield
rNeg     . . .     Faith    .   b - +0 scale mail
rPois    .         Spirit   .   (no helmet)
rElec    .         Reflect  .   (no cloak)
rCorr    .         Harm     .   (no gloves)
MR       .....                  (no boots)
Stlth    +.........             (no amulet)
HPRegen  0.13/turn              j - ring of stealth
MPRegen  0.09/turn              i - +4 ring of evasion

@: very slow
A: distributed training, fangs 1, strong nose
a: Bend Time, Renounce Religion


You were on level 3 of the Dungeon.
You worshipped Cheibriados.
Cheibriados was noncommittal.
You were not hungry.

You visited 1 branch of the dungeon, and saw 3 of its levels.

You collected 150 gold pieces.

Inventory:

Hand Weapons
 a - a +1 war axe (weapon)
Armour
 b - a +0 scale mail (worn)
 c - a +0 kite shield (worn)
Jewellery
 i - a +4 ring of evasion (right hand)
 j - a ring of stealth (left hand)
Scrolls
 e - a scroll of identify
 k - 4 scrolls of remove curse
Potions
 d - a potion of might
 g - a potion of magic {unknown}
 h - 2 potions of curing
 l - a potion of cancellation {unknown}
 m - a potion of lignification {unknown}
Comestibles
 f - 3 rations
 n - 5 chunks of flesh


   Skills:
 + Level 6.6 Fighting
 + Level 1.1 Short Blades
 + Level 1.1 Long Blades
 + Level 4.6 Axes
 + Level 1.1 Maces & Flails
 + Level 1.1 Polearms
 + Level 1.1 Staves
 + Level 1.1 Slings
 + Level 1.1 Bows
 + Level 1.1 Crossbows
 + Level 1.1 Throwing
 + Level 6.6 Armour
 + Level 1.1 Dodging
 + Level 1.1 Stealth
 + Level 6.6 Shields
 + Level 1.1 Unarmed Combat
 + Level 1.1 Spellcasting
 + Level 0.9 Conjurations
 + Level 0.9 Hexes
 + Level 0.9 Charms
 + Level 0.9 Summonings
 + Level 0.9 Necromancy
 + Level 0.9 Translocations
 + Level 0.9 Transmutations
 + Level 0.9 Fire Magic
 + Level 0.9 Ice Magic
 + Level 0.9 Air Magic
 + Level 0.9 Earth Magic
 + Level 0.9 Poison Magic
 + Level 1.2 Invocations
 + Level 1.1 Evocations


You had 5 spell levels left.
You didn't know any spells.
Your spell library was empty.

Dungeon Overview and Level Annotations

Branches:
Dungeon (3/15)

Altars:
Ashenzari
Cheibriados
Sif Muna


Innate Abilities, Weirdness & Mutations

Your experience applies equally to all skills.
You have very sharp teeth.
Your uncanny sense of smell can sniff out nearby items.


Message History

As you read the scroll labeled UNNATO KOCUIZU, it crumbles to dust.
The creatures around you are filled with an inner flame!
It was a scroll of immolation.
Firing (i - inventory) No suitable missiles.
Press: ? - help, Shift-Dir - straight line, f - goblin
Aim: a goblin, wielding a +0 dagger (inner flame)
Okay, then.
You block the goblin's attack.
There is an open door here.
You barely miss the goblin. The goblin hits you but does no damage.
You block the goblin's attack.
You closely miss the goblin. The goblin hits you with a +0 dagger.
You hit the goblin.
The goblin explodes!
The fiery explosion engulfs you!!
Ouch! That really hurt!
* * * LOW HITPOINT WARNING * * *
Cheibriados appreciates the change of pace.
You are engulfed in blazing flames.
You die...

###'#(....#
##.)÷##.)).# ∆
##.....##..## ∆
#.......##'##
#...8..(##..## ##
#......)#..).#####.#
##.....##....'.##.##
##...##+#..##.#....
#@### ####.......
#§§# #.........
#..§§ #.#######.
#....# #.# #. ##..##
#.# #. #### #.# #.
#.# #. #.# ##### #.#


There were no monsters in sight!

Vanquished Creatures
  An adder (D:2)
  3 oozes
  A worm (D:2)
  3 dart slugs
  2 leopard geckos (D:3)
  An orc (D:3)
  2 bats (D:1)
  6 giant cockroaches
  7 goblins
  5 hobgoblins
  3 jackals (D:1)
  5 kobolds
  2 quokkas (D:2)
  6 frilled lizards
  7 rats
54 creatures vanquished.

Notes
Turn   | Place    | Note
-------+----------+-------------------------------------------
     0 | D:1      | thirtiethelement the Gnoll Fighter began the quest for the
                  | Orb.
     0 | D:1      | Reached XP level 1. HP: 23/23 MP: 1/1
   144 | D:1      | Reached XP level 2. HP: 29/29 MP: 2/2
   490 | D:1      | Reached XP level 3. HP: 35/35 MP: 3/3
   915 | D:2      | Reached skill level 1 in Invocations
   993 | D:2      | Found a snail-covered altar of Cheibriados.
  1003 | D:2      | Became a worshipper of Cheibriados the Contemplative
  1081 | D:2      | Reached skill level 1 in Short Blades
  1081 | D:2      | Reached skill level 1 in Long Blades
  1081 | D:2      | Reached skill level 1 in Maces & Flails
  1081 | D:2      | Reached skill level 1 in Polearms
  1081 | D:2      | Reached skill level 1 in Staves
  1081 | D:2      | Reached skill level 1 in Slings
  1081 | D:2      | Reached skill level 1 in Bows
  1081 | D:2      | Reached skill level 1 in Crossbows
  1081 | D:2      | Reached skill level 1 in Throwing
  1081 | D:2      | Reached skill level 1 in Dodging
  1081 | D:2      | Reached skill level 1 in Stealth
  1081 | D:2      | Reached skill level 1 in Unarmed Combat
  1081 | D:2      | Reached skill level 1 in Spellcasting
  1081 | D:2      | Reached skill level 1 in Evocations
  1117 | D:2      | Found a shimmering blue altar of Sif Muna.
  1210 | D:2      | Reached XP level 4. HP: 41/41 MP: 5/5
  1541 | D:2      | Found a shattered altar of Ashenzari.
  1769 | D:3      | Engulfed by a cloud of flame

Illustrated notes

Levels and vault maps discovered:
D:1:      scummos_arrival_checkerplants, layout_loops_ring
D:2:      layout_loops_ring, lemuel_round_altar, lemuel_doored_altar,
          cheibriados_altar_1, minmay_domino_2
D:3:      minmay_bubble_buster, layout_loops_ring, nrook_campfire

Skill      XL: |  1  2  3 |
---------------+----------+-----
Invocations    | 1 |  1.2
Short Blades   | 1 |  1.1
Long Blades    | 1 |  1.1
Maces & Flails | 1 |  1.1
Polearms       | 1 |  1.1
Staves         | 1 |  1.1
Slings         | 1 |  1.1
Bows           | 1 |  1.1
Crossbows      | 1 |  1.1
Throwing       | 1 |  1.1
Dodging        | 1 |  1.1
Stealth        | 1 |  1.1
Unarmed Combat | 1 |  1.1
Spellcasting   | 1 |  1.1
Evocations     | 1 |  1.1
Fighting       | |  6.6
Axes           | |  4.6
Armour         | |  6.6
Shields        | |  6.6
Conjurations   | |  0.9
Hexes          | |  0.9
Charms         | |  0.9
Summonings     | |  0.9
Necromancy     | |  0.9
Translocations | |  0.9
Transmutations | |  0.9
Fire Magic     | |  0.9
Ice Magic      | |  0.9
Air Magic      | |  0.9
Earth Magic    | |  0.9
Poison Magic   | |  0.9

Action                   |  1- 3 |  4- 6 || total
-------------------------+-------+-------++-------
Melee: War axe           |    89 |    40 ||   129
       Bite              |    11 |     6 ||    17
  Use: Scroll            |     5 |     1 ||     6
 Stab: Sleeping          |     1 |       ||     1
  Eat: Chunk             |     1 |     2 ||     3
Armor: Scale mail        |    23 |    14 ||    37
Dodge: Dodged            |    34 |    10 ||    44
Block: Kite shield       |    43 |    19 ||    62

Table legend:
 A = Non-vault XP
 B = Vault XP
 C = Vault XP percentage of total XP
 D = Non-vault monster count
 E = Vault monster count
 F = Vault count percentage of total count
                 A         B        C        D         E       F
            +---------+---------+-------+---------+---------+-------
      Total |      98 |      33 |  25.2 |      44 |      10 |  18.5
            +---------+---------+-------+---------+---------+-------
        D:1 |      34 |       0 |   0.0 |      19 |       0 |   0.0
        D:2 |      50 |      13 |  20.6 |      21 |       1 |   4.5
        D:3 |      14 |      20 |  58.8 |       4 |       9 |  69.2
            +---------+---------+-------+---------+---------+-------
